 Dungeon Crawl Stone Soup version 0.30-b1-2-g02819fbbbe (webtiles) character file.

Game seed: 5383497804830444295

9986 LLlMATKO the Cleaver (level 11, -6/98 (102) HPs)
             Began as a Minotaur Berserker on Sept 24, 2023.
             Was a High Priest of Trog.
             Mangled by Urug
             ... wielding a +2 great mace of holy wrath
              (24 damage)
             ... on level 1 of the Lair of Beasts.
             The game lasted 00:10:49 (10305 turns).

LLlMATKO the Cleaver (Minotaur Berserker)          Turns: 10305, Time: 00:10:49

HP:   -6/98 (102)   AC:  0    Str: 27    XL:     11   Next: 30%
MP:   10/10         EV: 17    Int:  7    God:    Trog [*****.]
Gold: 689           SH:  5    Dex:  9    Spells: 10/10 levels left

rFire   . . .        t - melded +8 whip "Snakebite" {venom, curare, rPois}
rCold   . . .        (shield currently unavailable)
rNeg    . . .        L - melded +0 plate armour
rPois   .            (helmet currently unavailable)
rElec   .            (cloak currently unavailable)
rCorr   .            k - melded +0 pair of gloves
SInv    .            B - melded +0 pair of boots
Will    .....        j - amulet of Qidetiu {Reflect Int+3 SH+5}
Stlth   +            p - melded ring of willpower
HPRegen 0.36/turn    J - melded +6 ring of strength
MPRegen 0.12/turn

%: reflection
@: lethally poisoned (-6 -> -8), pig-form, on berserk cooldown, slowed, studying
Polearms, lightly drained
A: fast, no casting, small, (horns 2), (retaliatory headbutt)
a: Renounce Religion, Berserk, Trog's Hand, Brothers in Arms


You were on level 1 of the Lair of Beasts.
You worshipped Trog.
Trog was extremely pleased with you.
You were a filthy swine.
You visited 2 branches of the dungeon, and saw 11 of its levels.
You also visited: Bailey.

You collected 689 gold pieces.

Inventory:

Hand Weapons
 a - a +0 hand axe
 e - a +0 hand axe
 t - the +8 whip "Snakebite" (melded) {venom, curare, rPois}
   (You found it on level 2 of the Dungeon)

   rPois:     It protects you from poison.
 I - a +1 war axe of draining
Missiles
 i - 12 javelins
 s - 27 poisoned darts
 D - 2 throwing nets
Armour
 k - a +0 pair of gloves (melded)
 r - the +0 chain mail "Anikk" {rC- Str+8 SInv}
   (You found it in a bailey)

   Str:       It affects your strength (+8).
   rC:        It makes you vulnerable to cold.
   SInv:      It lets you see invisible.
 B - a +0 pair of boots (melded)
 L - a +0 plate armour (melded)
Jewellery
 j - the amulet of Qidetiu (around neck) {Reflect Int+3 SH+5}
   (You acquired it on level 8 of the Dungeon)

   [amulet of reflection]

   It reflects blocked missile attacks.
   Int:       It affects your intelligence (+3).
   SH:        It affects your SH (+5).
 p - a ring of willpower (melded)
 x - a ring of fire
 C - a ring of ice
 J - a +6 ring of strength (melded)
Wands
 E - a wand of charming (8)
 K - a wand of flame (22)
Scrolls
 b - 19 scrolls of identify
 l - 3 scrolls of teleportation
 m - 2 scrolls of enchant weapon
 q - 3 scrolls of fear
 u - a scroll of butterflies
 y - a scroll of noise
 z - 3 scrolls of blinking
 G - a scroll of poison {unknown}
 H - 5 scrolls of magic mapping
Potions
 c - 6 potions of curing
 d - 4 potions of magic {unknown}
 f - 2 potions of might {unknown}
 g - 2 potions of degeneration {unknown}
 h - 8 potions of heal wounds {unknown}
 n - 4 potions of brilliance {unknown}
 o - 3 potions of cancellation {unknown}
 v - a potion of berserk rage {unknown}
 w - 2 potions of invisibility
 A - 2 potions of haste {unknown}
 F - 3 potions of mutation {unknown}
 M - 4 potions of flight {unknown}
 N - a potion of lignification {unknown}


   Skills:
 + Level 11.3 Fighting
 + Level 11.3 Axes
 + Level 11.0 Armour
 + Level 10.1 Dodging


You had 10 spell levels left.
You didn't know any spells.
Your spell library was empty.

Dungeon Overview and Level Annotations

Branches:
Dungeon (10/15)            Temple (0/1) D:5            Lair (1/5) D:10
    Orc (0/2) D:10         Bailey (visited)

Altars:
Cheibriados
Dithmenos
Fedhas
Nemelex Xobeh
Ru
Sif Muna
Trog
Wu Jian
Xom
Yredelemnul
Zin

Shops:
D:7 *   D:9 !

Annotations:
Lair:1 Nergalle, Urug


Innate Abilities, Weirdness & Mutations

You are a filthy swine.
You move quickly.
Your equipment is almost entirely melded.
You are incapable of wielding weapons or throwing items.
You cannot cast spells.
((You have a pair of horns on your head.))
((You reflexively headbutt those who attack you in melee.))


Message History

Your ring of willpower melds into your body.
Your +6 ring of strength melds into your body.
The +8 whip "Snakebite" {venom, curare, rPois} stops dripping with poison.
You feel weaker.
You bite Urug!
Urug is lightly wounded.
You feel sick.
The spectral orc warrior hits you with a +0 long sword!
The spectral orc warrior closely misses you.
Urug barely misses you.
Unknown command.
You hit Urug.
Urug is moderately wounded.
You feel sick.
Nergalle hits you with a +0 dagger of venom.
You are more poisoned.
Unknown command.
You feel sick.
The spectral orc warrior hits you with a +0 war axe!
You feel drained.
You feel a strong urge to attack something.
You feel sick.
You are no longer berserk.
You are exhausted.
You feel yourself slow down.
You feel sick.
The spectral orc warrior attacks as you move away!
The spectral orc warrior hits you with a +0 war axe!
You feel very sick.
You feel sick.
You feel sick.
There is a stone staircase leading down here.
You feel sick.
Urug hits you with a +2 great mace of holy wrath!
Urug attacks as you move away! Urug misses you.
You feel sick.
You feel sick.
Urug hits you with a +2 great mace of holy wrath!!
* * * LOW HITPOINT WARNING * * *
Urug attacks as you move away!
Urug hits you with a +2 great mace of holy wrath!!
You die...

##....# ###....# ####
#####.#....#### ....
............... ....
.......[....... ....
................ ####
#.#P###....##P## # ##
#.....# ## ##h...#
#.oS..# #.....#
##o...# ## ###....#
###.##.##.#Z...#####.
[.^.....?............
.......ZZ............
.....................


You could see Urug (fast, poisoned), Nergalle (very poisoned), a spectral orc
warrior (summoned) and a water moccasin.

Vanquished Creatures
  A centaur warrior (D:9)
  Pikel (D:9)
  An oklob plant (D:10)
  3 cane toads (Lair:1)
  A gargoyle (Bailey)
  A rime drake (Lair:1)
  A komodo dragon (Lair:1)
  A troll (D:9)
  A polar bear (Lair:1)
  Grinder (D:3)
  2 vampires
  3 yaks (Lair:1)
  A shadow (D:9)
  A wraith (D:10)
  2 water moccasins
  4 orc warriors
  A sky beast (D:8)
  4 black bears
  4 ice beasts
  5 wolves (Lair:1)
  3 centaurs
  2 lemures (D:9)
  A phantom (D:4)
  7 bullfrogs
  A kobold brigand (D:9)
  A gnoll sergeant (D:9)
  2 scorpions (D:6)
  3 electric eels
  4 jellies
  9 vampire bats (Bailey)
  7 wolf zombies (Bailey)
  3 hounds
  2 gnoll boudas
  10 orc priests
  Jessica (D:3)
  A sleepcap (D:7)
  7 iguanas
  13 orc wizards
  Natasha (D:2)
  Robin (D:3)
  7 adders
  24 gnolls
  A shadow imp (D:7)
  2 white imps
  3 worms
  4 dart slugs
  28 orcs
  5 ball pythons
  7 bats
  9 endoplasms
  2 giant cockroaches
  18 goblins
  8 hobgoblins
  2 jackals (D:2)
  2 quokkas (D:3)
  5 frilled lizards
  9 kobolds
  20 orc zombies (Bailey)
  5 rats
279 creatures vanquished.

Vanquished Creatures (others)
  2 fungi (Lair:1)
  9 plants
11 creatures vanquished.

Grand Total: 290 creatures vanquished

Notes
Turn   | Place    | Note
-------+----------+-------------------------------------------
     0 | D:1      | LLlMATKO the Minotaur Berserker began the quest for the
                  | Orb.
     0 | D:1      | Reached XP level 1. HP: 19/19 MP: 0/0
   115 | D:1      | Reached XP level 2. HP: 25/27 MP: 1/1
   556 | D:1      | Reached XP level 3. HP: 33/33 MP: 2/2
   584 | D:1      | Reached ** piety under Trog
  1264 | D:2      | Found a faded altar of an unknown god.
  1656 | D:2      | Reached XP level 4. HP: 41/41 MP: 3/3
  1680 | D:2      | Noticed Natasha
  1690 | D:2      | Killed Natasha
  1750 | D:2      | You fall into a shaft and drop 1 floor!
  1809 | D:3      | Noticed Robin
  1821 | D:3      | Killed Robin
  1962 | D:2      | Found a shimmering altar of Xom.
  2060 | D:2      | Found the +8 whip "Snakebite" {venom, curare, rPois}
  2422 | D:3      | Reached XP level 5. HP: 47/47 MP: 4/4
  2422 | D:3      | Noticed Grinder
  2434 | D:3      | Killed Grinder
  2434 | D:3      | Reached *** piety under Trog
  2435 | D:3      | Reached skill level 5 in Fighting
  2435 | D:3      | Reached skill level 5 in Axes
  2435 | D:3      | Reached XP level 6. HP: 51/56 MP: 5/5
  2645 | D:3      | Identified the +0 leather armour of Viteamm {Dex+3}
  2862 | D:3      | Noticed Jessica
  2866 | D:3      | Killed Jessica
  3050 | D:3      | Noticed an ice beast
  3056 | D:3      | Killed an ice beast
  3147 | D:4      | Reached skill level 5 in Armour
  3147 | D:4      | Reached XP level 7. HP: 57/62 MP: 6/6
  3409 | D:4      | Reached skill level 5 in Dodging
  3650 | D:5      | Entered Level 5 of the Dungeon
  3656 | D:5      | Found a staircase to the Ecumenical Temple.
  4384 | D:6      | Reached XP level 8. HP: 67/71 MP: 7/7
  4808 | D:6      | Reached **** piety under Trog
  5417 | D:7      | Reached XP level 9. HP: 81/81 MP: 8/8
  5586 | D:7      | Found Gupady's Mayhem Merchandise.
  5880 | D:8      | Identified a scroll of acquirement
  5880 | D:8      | Acquired the amulet of Qidetiu {Reflect Int+3 SH+5}
  6050 | D:8      | Found a flagged portal.
  6061 | Bailey   | Entered a bailey
  6328 | Bailey   | Noticed a gargoyle
  6346 | Bailey   | Killed a gargoyle
  6645 | Bailey   | Reached ***** piety under Trog
  6666 | Bailey   | Identified the +0 chain mail "Anikk" {rC- Str+8 SInv}
  7172 | D:8      | Reached XP level 10. HP: 83/91 MP: 9/9
  7538 | D:9      | Noticed Pikel
  7552 | D:9      | Killed Pikel
  7859 | D:9      | Noticed a centaur warrior
  7869 | D:9      | Killed a centaur warrior
  7870 | D:9      | Reached skill level 10 in Fighting
  7870 | D:9      | Reached skill level 10 in Axes
  7922 | D:9      | Found Logagodu's Distillery.
  8257 | D:10     | Entered Level 10 of the Dungeon
  8275 | D:10     | Found a staircase to the Orcish Mines.
  8279 | D:10     | Reached skill level 10 in Armour
  8433 | D:10     | Found a glowing silver altar of Zin.
  8625 | D:10     | Found a sparkling altar of Nemelex Xobeh.
  8740 | D:10     | Found a staircase to the Lair.
  8742 | D:10     | Noticed an oklob plant
  8759 | D:10     | Killed an oklob plant
  9197 | D:10     | Found a snail-covered altar of Cheibriados.
  9198 | D:10     | Found a shadowy altar of Dithmenos.
  9198 | D:10     | Found a sacrificial altar of Ru.
  9200 | D:10     | Found a basalt altar of Yredelemnul.
  9201 | D:10     | Found a blossoming altar of Fedhas.
  9202 | D:10     | Found a shimmering blue altar of Sif Muna.
  9203 | D:10     | Found an ornate altar of the Wu Jian Council.
  9444 | Lair:1   | Entered Level 1 of the Lair of Beasts
  9492 | Lair:1   | Reached XP level 11. HP: 88/101 MP: 10/10
 10024 | Lair:1   | Reached skill level 10 in Dodging
 10147 | Lair:1   | Found a bloodstained altar of Trog.
 10271 | Lair:1   | Identified the +1 ring mail of Melancholy {rN+}
 10285 | Lair:1   | Noticed Nergalle
 10287 | Lair:1   | Noticed Urug
 10305 | Lair:1   | Mangled by Urug

Illustrated notes

Levels and vault maps discovered:
D:1:      scummos_arrival_gate, layout_basic
D:2:      layout_loops_ring, basic_altar, shapermc_ecumenical_altar_flowoftime,
          uniq_natasha
D:3:      layout_basic, uniq_robin, uniq_jessica, uniq_grinder
D:4:      layout_rooms, grunt_ministairs_9
D:5:      layout_gridville, minmay_temple_entry_glassed_door
D:6:      layout_gridville, kennysheep_minor_cross, minmay_diced_spiral
D:7:      layout_cave_pools, serial_park, serial_park_avenue1,
          serial_park_square2, serial_park_tiny_1, minmay_shop_mayhem
D:8:      layout_basic, enter_bailey_2
D:9:      layout_cave_pools, serial_shops, shop, uniq_pikel
D:10:     layout_stronghold, mainiacjoe_overflow_paths,
          mainiacjoe_overflow_catwalk, minitemple, dpeg_oklobed_lair,
          david_orc_3
Lair:1:   layout_hall_layers, basic_altar, serial_bayou_shore_a, uniq_urug,
          uniq_nergalle

Skill      XL: |  1  2  3  4  5  6  7  8  9 10 11 |
---------------+----------------------------------+-----
Axes           | 4 5 6 7 9 10 11 | 11.3
Fighting       | 4 5 6 7 9 10 11 | 11.3
Armour         | 3 4 5 7 9 10 11 | 11.0
Dodging        | 3 4 5 6 8 9 10 | 10.1

Action                     |  1- 3 |  4- 6 |  7- 9 | 10-12 || total
---------------------------+-------+-------+-------+-------++-------
  Melee: Hand axe          |    89 |    44 |       |       ||   133
         Headbutt          |    15 |     8 |    43 |    39 ||   105
         Whip              |       |    28 |   272 |   218 ||   518
         Punch             |       |     1 |     1 |     2 ||     4
         Unarmed           |       |       |       |     2 ||     2
 Invoke: Berserk           |     1 |     1 |     3 |     3 ||     8
    Use: Scroll            |       |       |    14 |     1 ||    15
 Armour: Animal skin       |    12 |       |       |       ||    12
         Scale mail        |    13 |    28 |    23 |       ||    64
         Chain mail        |       |       |    28 |       ||    28
         Plate armour      |       |       |    83 |   100 ||   183
  Dodge: Dodged            |    50 |    38 |   150 |    99 ||   337
  Block: Other             |       |       |    42 |    51 ||    93
         Reflection        |       |       |     1 |     5 ||     6
